 Dungeon Crawl Stone Soup version 0.27.0-1-g7a089689b8 (webtiles) character file.

Game seed: 14788047832485329036

93 tilp the Digger (level 4, -1/35 HPs)
             Began as a Barachi Earth Elementalist on Aug 4, 2021.
             Slain by a worm (11 damage)
             ... on level 3 of the Dungeon.
             The game lasted 00:04:46 (3426 turns).

tilp the Digger (Barachi Earth Elementalist)        Turns: 3426, Time: 00:04:47

Health: -1/35      AC:  2    Str:  9    XL:     4   Next: 62%
Magic:  7/7        EV: 12    Int: 16    God:
Gold:   99         SH:  0    Dex: 13    Spells: 1/7 levels left

rFire    . . .     SeeInvis .   a - +1 whip (elec)
rCold    . . .     Faith    .   (no shield)
rNeg     . . .     Spirit   .   h - +0 robe
rPois    .         Reflect  .   (no helmet)
rElec    .         Harm     .   (no cloak)
rCorr    .         Rampage  .   (no gloves)
Will     .....                  (no boots)
Stlth    ++........             (no amulet)
HPRegen  0.11/turn              (no ring)
MPRegen  0.10/turn              (no ring)

@: slow
A: amphibious, slowness 1, strong legs 1, +LOS
a: Hop


You were on level 3 of the Dungeon.
You visited 1 branch of the dungeon, and saw 3 of its levels.

You collected 99 gold pieces.

Inventory:

Hand Weapons
 a - a +1 whip of electrocution (weapon)
 b - a +0 broad axe
 c - a +0 short sword
Missiles
 f - 2 curare-tipped darts
 m - 18 poisoned darts
Armour
 h - a +0 robe (worn)
Scrolls
 i - a scroll of teleportation {unknown}
 k - a scroll of vulnerability {unknown}
 n - a scroll of brand weapon {unknown}
 o - a scroll of blinking {unknown}
 p - a scroll of immolation {unknown}
Potions
 d - a potion of attraction
 e - 3 potions of curing
 g - a potion of heal wounds
 j - 2 potions of invisibility {unknown}
 l - a potion of brilliance {unknown}
 q - a potion of mutation {unknown}


   Skills:
 + Level 3.2 Fighting
 - Level 3.0 Dodging
 - Level 2.0 Stealth
 - Level 2.1 Spellcasting
 + Level 1.4 Conjurations
 - Level 1.1 Transmutations
 + Level 3.3 Earth Magic


You had one spell level left.
You knew the following spells:

 Your Spells              Type           Power      Damage    Failure   Level
a - Sandblast             Erth           24%        2d8       4%          1
b - Passwall              Tmut/Erth      6%         N/A       12%         2
c - Stone Arrow           Conj/Erth      18%        3d8       22%         3

Your spell library contained the following spells:

 Spells                   Type           Power      Damage    Failure   Level
 Petrify                  Tmut/Erth      8%         N/A       63%         4


Dungeon Overview and Level Annotations

Branches:
Dungeon (3/15)

Altars:
Uskayaw


Innate Abilities, Weirdness & Mutations

You are amphibious.
You cover ground slowly.
You can hop short distances.
You have an extended range of vision and can be seen from far away.


Message History

You kill the goblin!
You hit the giant cockroach but do no damage.
The giant cockroach barely misses you.
You hit the giant cockroach but do no damage.
Lightning courses through the giant cockroach!
You kill the giant cockroach!
Found a stone staircase leading down.
The helpless worm fails to defend itself.
You hit the worm.
The worm is moderately wounded.
The worm bites you!
You are too injured to fight recklessly!
You are too injured to fight recklessly!
You are too injured to fight recklessly!
You completely miss the worm.
The worm is moderately wounded.
You hit the worm but do no damage.
The worm is moderately wounded.
The worm closely misses you.
You hit the worm.
The worm is moderately wounded.
The worm bites you.
You barely miss the worm.
The worm is moderately wounded.
You barely miss the worm.
The worm is moderately wounded.
The worm closely misses you.
You hit the worm.
The worm is severely wounded.
The worm bites you but does no damage.
You barely miss the worm.
The worm is heavily wounded.
You hit the worm.
The worm is severely wounded.
The worm bites you!
* * * LOW HITPOINT WARNING * * *
You hit the worm.
The worm is almost dead.
The worm bites you!
You die...

#....# ####..##
#....# #......#
#....#
#......####
#....#
#.........#
#....# #........
#....+
+......####
#....#
#.....>...#
#....####......#
#####.....@w...#
#.#########...#
#)# #.# ... .#+
.. ##


You could see a worm.

Vanquished Creatures
  3 adders (D:2)
  A worm (D:2)
  3 dart slugs
  3 ball pythons
  4 bats
  3 endoplasms
  4 giant cockroaches
  3 goblins
  5 hobgoblins
  5 jackals
  4 quokkas
  3 frilled lizards
  7 kobolds
  4 rats
52 creatures vanquished.

Notes
Turn   | Place    | Note
-------+----------+-------------------------------------------
     0 | D:1      | tilp the Barachi Earth Elementalist began the quest for the
                  | Orb.
     0 | D:1      | Reached XP level 1. HP: 13/13 MP: 3/3
   119 | D:1      | Reached skill level 1 in Fighting
   130 | D:1      | Reached XP level 2. HP: 20/21 MP: 0/5
   645 | D:1      | Found a faded altar of an unknown god.
   750 | D:1      | Reached XP level 3. HP: 15/28 MP: 6/6
   753 | D:1      | Learned a level 2 spell: Passwall
   757 | D:1      | Learned a level 3 spell: Stone Arrow
  2463 | D:2      | Reached XP level 4. HP: 32/34 MP: 7/7
  2524 | D:2      | Reached skill level 1 in Conjurations
  3156 | D:3      | Found a hide-covered altar of Uskayaw.
  3426 | D:3      | Slain by a worm

Illustrated notes

Levels and vault maps discovered:
D:1:      nzn_arrival_settlement, layout_basic,
          hellmonk_ecumenical_altar_inner_sanctum, skrybe_limestone_x,
          minmay_worlds_worst_comb
D:2:      layout_loops_ring, palyth_stone_intersect, minmay_misc_feat_columns,
          minmay_ruptured
D:3:      layout_basic, nicolae_uskayaw_suspiria, minmay_mini_jars

Skill      XL: |  1  2  3  4 |
---------------+-------------+-----
Fighting       | 1 2 3 |  3.2
Stealth        | 2 |  2.0
Dodging        | 3 |  3.0
Conjurations   | 1 |  1.4
Spellcasting   | |  2.1
Transmutations | |  1.1
Earth Magic    | |  3.3

Action                   |  1- 3 |  4- 6 || total
-------------------------+-------+-------++-------
Melee: Unarmed           |     1 |       ||     1
       Short sword       |   135 |    23 ||   158
       Whip              |       |    24 ||    24
 Cast: Sandblast         |    26 |    10 ||    36
  Use: Scroll            |     2 |     1 ||     3
 Stab: Sleeping          |     4 |     4 ||     8
Armor: Robe              |    22 |     9 ||    31
Dodge: Dodged            |   120 |    23 ||   143
